 Dungeon Crawl Stone Soup version 0.20.1-1-g8b1a95d (webtiles) character file.

1246 chrrsy the Chiller (level 8, -6/58 HPs)
             Began as a Demigod Ice Elementalist on Sept 10, 2017.
             Killed by the air
             ... invoked by Gastronok
              (25 damage)
             ... on level 8 of the Dungeon.
             The game lasted 01:11:21 (8893 turns).

chrrsy the Chiller (Demigod Ice Elementalist)       Turns: 8893, Time: 01:11:22

Health: -6/58      AC:  4    Str: 11    XL:     8   Next: 5%
Magic:  20/20      EV: 13    Int: 28    God:
Gold:   220        SH:  0    Dex: 16    Spells: 11/18 levels left

rFire    + . .     SeeInvis .   t - +0 dagger
rCold    . . .     Gourm    .   (no shield)
rNeg     . . .     Faith    .   a - +2 robe
rPois    .         Spirit   .   (no helmet)
rElec    .         Reflect  .   (no cloak)
rCorr    .         Harm     .   (no gloves)
MR       +....                  (no boots)
Stlth    +.........             c - amulet of regeneration
Regen    0.6/turn               h - ring of protection from fire
MPRegen  0.2/turn               (no ring)

@: confused, brilliant
A: high mp 1, magic resistance 1
a: no special abilities


You were on level 8 of the Dungeon.
You were not hungry.

You visited 2 branches of the dungeon, and saw 10 of its levels.

You collected 220 gold pieces.

Inventory:

Hand Weapons
 t - a +0 dagger (weapon)
Armour
 a - a +2 robe (worn)
 e - a +0 pair of gloves
 f - a +0 ring mail
 j - a cursed +0 robe
Jewellery
 c - an amulet of regeneration (around neck)
 g - a +6 amulet of reflection {unknown}
 h - a ring of protection from fire (left hand)
 m - an uncursed amulet of magic regeneration {unknown}
Scrolls
 i - 5 scrolls of enchant armour
 k - 4 scrolls of identify
 l - a scroll of fear {unknown}
 n - 2 scrolls of remove curse {unknown}
 p - 3 scrolls of random uselessness {unknown}
Books
 b - a book of Frost

   Spells                             Type                      Level
   a - Freeze                         Ice                          1
   b - Throw Frost                    Conjuration/Ice              2
   c - Ozocubu's Armour               Charms/Ice                   3
   d - Throw Icicle                   Conjuration/Ice              4
   e - Summon Ice Beast               Ice/Summoning                4


   Skills:
 + Level 0.5 Fighting
 + Level 0.6 Short Blades
 + Level 2.6 Dodging
 + Level 2.3 Stealth
 * Level 5.7 Spellcasting
 + Level 1.5 Conjurations
 + Level 0.1 Summonings
 * Level 6.5 Ice Magic


You had 11 spell levels left.
You knew the following spells:

 Your Spells              Type           Power        Failure   Level  Hunger
a - Freeze                Ice            ####         1%          1    None
b - Throw Frost           Conj/Ice       #####.       1%          2    None
c - Summon Ice Beast      Ice/Summ       #####...     1%          4    ###....


Dungeon Overview and Level Annotations

Branches:
Dungeon (9/15)             Temple (1/1) D:4
   Lair: D:8-11         Orc: D:9-12

Shops:
D:4 (

Annotations:
D:8 Gastronok


Innate Abilities, Weirdness & Mutations

You have an increased reservoir of magic. (+10% MP)
You are resistant to hostile enchantments. (MR+)


Message History

You hit Gastronok.
Gastronok is moderately wounded.
You hit Gastronok but do no damage.
Gastronok is moderately wounded.
Gastronok bites you!!
Ouch! That really hurt!
* * * LOW HITPOINT WARNING * * *
You aren't carrying any food.
You're too confused!
It was a potion of brilliance.
You feel clever all of a sudden.
You're too confused to cast spells.
You're too confused to cast spells.
You're too confused to cast spells.
You're too confused to cast spells.
You're too confused to cast spells.
You bump into the rock wall.
Gastronok waves his eye-stalks in wide circles.
The air twists around and strikes you!
You die...

#.######### #.# #.#
#.# #.# #.# #.#
#.#################.#
#.............@w....#
#####################


You could see Gastronok.

Vanquished Creatures
  A sky beast (D:6)
  A black bear (D:7)
  3 ogres
  3 bullfrogs
  2 scorpions (D:4)
  2 crimson imps
  A hound (D:5)
  2 orc wizards (D:4)
  A jelly (D:7)
  2 iguanas (D:5)
  5 worker ants
  A worker ant zombie (D:5)
  3 gnolls
  5 adders
  An ooze (D:5)
  An adder skeleton (D:4)
  2 worms (D:5)
  3 leopard geckos
  12 orcs
  A giant cockroach (D:7)
  2 hobgoblins (D:2)
  5 jackals
  2 quokkas
  A bat (D:2)
  2 frilled lizards
  A jackal skeleton (D:5)
  A rat (D:2)
66 creatures vanquished.

Vanquished Creatures (collateral kills)
  An orc wizard (D:4)
  2 gnolls (D:6)
3 creatures vanquished.

Grand Total: 69 creatures vanquished

Notes
Turn   | Place    | Note
-------+----------+-------------------------------------------
     0 | D:1      | chrrsy the Demigod Ice Elementalist began the quest for the Orb.
     0 | D:1      | Reached XP level 1. HP: 14/14 MP: 5/5
    68 | D:1      | Reached XP level 2. HP: 15/20 MP: 0/7
   368 | D:1      | Reached skill level 3 in Ice Magic
   436 | D:1      | Learned a level 2 spell: Throw Frost
  1495 | D:4      | Found Jouwiuts's Weapon Boutique.
  1746 | D:4      | Reached XP level 3. HP: 26/26 MP: 3/8
  2197 | D:4      | Noticed a scorpion
  2227 | D:4      | Killed a scorpion
  2227 | D:4      | Reached XP level 4. HP: 21/33 MP: 5/11
  2943 | D:4      | Found a staircase to the Ecumenical Temple.
  2956 | Temple   | Entered the Ecumenical Temple
  3097 | D:4      | Learned a level 4 spell: Summon Ice Beast
  3474 | D:4      | Reached XP level 5. HP: 9/38 MP: 8/13
  3887 | D:5      | Entered Level 5 of the Dungeon
  4643 | D:4      | Reached skill level 4 in Ice Magic
  5798 | D:4      | Noticed an ogre
  5817 | D:4      | Killed an ogre
  5817 | D:4      | Reached XP level 6. HP: 24/46 MP: 5/15
  6155 | D:5      | Reached skill level 1 in Conjurations
  7025 | D:6      | Reached skill level 5 in Ice Magic
  7133 | D:6      | Reached XP level 7. HP: 43/51 MP: 2/17
  7834 | D:6      | Reached skill level 5 in Spellcasting
  7862 | D:6      | Gained mutation: You are resistant to hostile enchantments. (MR+) [mutagenic meat]
  7911 | D:7      | Reached skill level 6 in Ice Magic
  8438 | D:7      | Reached XP level 8. HP: 38/58 MP: 10/20
  8876 | D:8      | Noticed Gastronok
  8893 | D:8      | Killed from afar by Gastronok

Skill      XL: |  1  2  3  4  5  6  7 |
---------------+----------------------+-----
Dodging        | 2 |  2.6
Stealth        | 2 |  2.3
Ice Magic      | 3 4 5 6 |  6.5
Spellcasting   | 2 3 4 5 |  5.7
Conjurations   | 1 |  1.5
Fighting       | |  0.5
Short Blades   | |  0.6
Summonings     | |  0.1

Action                   |  1- 3 |  4- 6 |  7- 9 || total
-------------------------+-------+-------+-------++-------
Melee: Dagger            |    14 |    41 |    16 ||    71
 Cast: Freeze            |    26 |    86 |    36 ||   148
       Throw Frost       |    13 |    29 |    20 ||    62
       Summon Ice Beast  |       |     2 |       ||     2
  Use: Potion            |       |     4 |     4 ||     8
       Scroll            |       |     4 |       ||     4
  Eat: Bread ration      |     1 |     1 |     1 ||     3
       Chunk             |       |     7 |     2 ||     9
       Meat ration       |       |     1 |       ||     1
       Royal jelly       |       |     1 |       ||     1
Armor: Robe              |     7 |    28 |     9 ||    44
       Skin              |       |     7 |       ||     7
Dodge: Dodged            |    32 |    92 |    45 ||   169
